 Dungeon Crawl Stone Soup version 0.30-a0-883-g5ad918d77d (webtiles) character file.

Game seed: 1224738832392051075

167 bmack86 the Trooper (level 5, -7/47 HPs)
             Began as a Minotaur Fighter on Mar 17, 2023.
             Killed by nerve-wracking pain
             ... invoked by an orc priest
              (14 damage)
             ... on level 3 of the Dungeon on Mar 18, 2023.
             The game lasted 00:05:28 (2240 turns).

bmack86 the Trooper (Minotaur Fighter)              Turns: 2240, Time: 00:05:29

Health: -7/47      AC:  8    Str: 22    XL:     5   Next: 23%
Magic:  4/4        EV:  9    Int:  5    God:
Gold:   209        SH:  5    Dex: 10    Spells: 4/4 levels left

rFire   . . .      SeeInvis .    a - +1 war axe
rCold   . . .      Faith    .    c - +1 buckler
rNeg    . . .      Spirit   .    b - +0 scale mail
rPois   .          Reflect  .    (helmet restricted)
rElec   .          Rampage  .    m - +0 cloak
rCorr   .                        (no gloves)
Will    .....                    (no boots) Stlth
                                 (no amulet)
HPRegen 0.27/turn                (no ring)
MPRegen 0.09/turn                (no ring)

@: no status effects
A: horns 2, retaliatory headbutt
a: no special abilities


You were on level 3 of the Dungeon.
You visited 1 branch of the dungeon, and saw 3 of its levels.

You collected 209 gold pieces.

Inventory:

Hand Weapons
 a - a +1 war axe (weapon)
Armour
 b - a +0 scale mail (worn)
 c - a +1 buckler (worn)
 m - a +0 cloak (worn)
Scrolls
 g - a scroll of fear
 h - 2 scrolls of brand weapon {unknown}
 j - a scroll of teleportation
 k - a scroll of enchant weapon
 l - a scroll of blinking
 n - a scroll of amnesia {unknown}
Potions
 d - a potion of might
 e - a potion of invisibility
 f - a potion of haste {unknown}
 i - a potion of cancellation
 o - a potion of heal wounds {unknown}


   Skills:
 + Level 4.5 Fighting
 * Level 4.5 Axes
 + Level 4.5 Armour
 + Level 4.5 Shields


You had 4 spell levels left.
You didn't know any spells.
Your spell library contained the following spells:

 Spells                   Type           Power      Damage    Failure   Level
 Apportation              Tloc           0%         N/A       87%         1
 Necrotise                Necr           0%         1d4       87%         1
 Summon Small Mammal      Summ           0%         N/A       87%         1
 Scorch                   Fire           0%         2d5       95%         2
 Flame Wave               Conj/Fire      0%         2d4       100%        4
 Summon Cactus Giant      Summ           0%         N/A       100%        6


Dungeon Overview and Level Annotations

Branches:
Dungeon (3/15)

Altars:


Innate Abilities, Weirdness & Mutations

You have a pair of horns on your head.
You reflexively headbutt those who attack you in melee.


Message History

You barely miss the orc priest. You slash the orc!
You kill the orc!
The orc priest barely misses you.
The orc hits you from afar with a +0 trident.
The orc priest hits you with a +0 club. The orc barely misses you.
The orc priest casts a cantrip, but nothing happens.
Unknown command.
You barely miss the orc priest.
The orc priest is severely wounded.
You hit the orc priest.
The orc priest looks satisfied for a moment.
The orc barely misses you.
The orc priest miscasts a cantrip.
You completely miss the orc priest.
The orc priest is severely wounded.
You hit the orc priest but do no damage.
The orc priest hits you but does no damage.
The orc closely misses you. You block the orc priest's attack.
The orc priest hits you with a +0 club.
Unknown command.
You hit the orc priest.
The orc priest is almost dead.
You closely miss the orc priest.
The orc priest calls down the wrath of Beogh upon you.
Beogh smites you! The orc barely misses you.
The orc priest hits you but does no damage.
Unknown command.
You barely miss the orc priest.
The orc priest is almost dead.
You slash the orc priest!
The orc priest calls down the wrath of Beogh upon you.
Beogh smites you!
* * * LOW HITPOINT WARNING * * *
You block the orc's attack. The orc priest barely misses you.
You furiously retaliate!
You headbutt the orc priest.
You kill the orc priest!
The orc barely misses you.
The orc priest mumbles some strange prayers to Beogh against you.
Pain shoots through your body!
You die...

#..#..........##.......#
##.#>...............####
#.################..#
#.# #### ##.## #.# #..
#..# ##.####.#######
##.## #....##........ #
#..# #.......)~...~. #.
##.# #....#.@o...... #.#
#.# #....#.))o.....
...#)# #....#.........
#.#.# #....##..~...~.
#.... ##.####........
#...( #.# #.#########.
#.... #^# #.. ...######
#.# ### .......##
####'#### ........#


You could see an orc priest and an orc.

Vanquished Creatures
  Crazy Yiuf (D:3)
  An orc priest (D:3)
  Ijyb (D:3)
  Jessica (D:3)
  3 adders
  A dart slug (D:2)
  7 orcs (D:3)
  A bat (D:1)
  4 endoplasms
  A giant cockroach (D:3)
  9 goblins
  3 hobgoblins
  4 kobolds
  2 quokkas (D:1)
  8 ball pythons
  3 rats (D:1)
50 creatures vanquished.

Notes
Turn   | Place    | Note
-------+----------+-------------------------------------------
     0 | D:1      | bmack86 the Minotaur Fighter began the quest for the Orb.
     0 | D:1      | Reached XP level 1. HP: 19/19 MP: 0/0
   155 | D:1      | Reached XP level 2. HP: 27/27 MP: 1/1
   865 | D:2      | Reached XP level 3. HP: 28/33 MP: 2/2
  1375 | D:3      | Noticed Ijyb
  1384 | D:3      | Killed Ijyb
  1385 | D:3      | Reached XP level 4. HP: 22/40 MP: 3/3
  1539 | D:3      | Found a runed translucent door.
  1540 | D:3      | Noticed Crazy Yiuf
  1546 | D:3      | Killed Crazy Yiuf
  1690 | D:3      | Noticed Jessica
  1705 | D:3      | Killed Jessica
  1706 | D:3      | Reached XP level 5. HP: 22/47 MP: 4/4
  2240 | D:3      | Killed from afar by an orc priest

Illustrated notes

Levels and vault maps discovered:
D:1:      psy_arrival_whirlpool, layout_basic
D:2:      minmay_general_purpose_star, layout_rooms, serial_glass,
          glass_columns_c, glass_columns_a
D:3:      cheibrodos_pilgrimage, layout_basic, uniq_crazy_yiuf_cottage,
          uniq_sigmund, uniq_ijyb, uniq_jessica

Skill      XL: |  1  2  3  4 |
---------------+-------------+-----
Axes           | 3 4 |  4.5
Fighting       | 4 |  4.5
Armour         | 4 |  4.5
Shields        | 4 |  4.5

Action                     |  1- 3 |  4- 6 || total
---------------------------+-------+-------++-------
  Melee: War axe           |    59 |    39 ||    98
         Headbutt          |     7 |     7 ||    14
    Use: Scroll            |     6 |     1 ||     7
 Armour: Scale mail        |    19 |    24 ||    43
  Dodge: Dodged            |    33 |    30 ||    63
  Block: Buckler           |     4 |    16 ||    20

Table legend: (Time is in decaauts)
 A = Elapsed time spent in this place.
 B = Non-inter-level travel time spent in this place.
 C = Inter-level travel time spent in this place.
 D = Time resting spent in this place.
 E = Time spent auto-exploring this place.
 F = Levels seen in this place.
 G = Mean time per level.
                   A        B        C        D        E       F      G
               +--------+--------+--------+--------+--------+-----+--------+
         Total |   2281 |   2244 |     37 |      0 |   1735 |   3 |  760.3 |
       Dungeon |   2281 |   2244 |     37 |      0 |   1735 |   3 |  760.3 |
               +--------+--------+--------+--------+--------+-----+--------+

Top non-repeatable levels by time:
     D:3: 923 daAuts
     D:1: 817 daAuts
     D:2: 540 daAuts
